 Dungeon Crawl Stone Soup version 0.31.0-4-g52a2dc7128 (webtiles) character file.

Game seed: 3758031616001321573

56 Gottschkopf the Covered (level 3, -1/35 HPs)
             Began as a Minotaur Fighter on Jan 22, 2024.
             Was a Follower of Cheibriados.
             Slain by a gnoll
             ... wielding a +0 halberd
              (11 damage)
             ... on level 3 of the Dungeon.
             The game lasted 00:03:01 (1709 turns).

Gottschkopf the Covered (Minotaur Fighter)          Turns: 1709, Time: 00:03:01

Health: -1/35      AC:  8    Str: 25    XL:     3   Next: 71%
Magic:  2/2        EV:  9    Int: 14    God:    Cheibriados [*.....]
Gold:   103        SH:  4    Dex: 12    Spells: 2/2 levels left

rFire   + . .        a - +0 long sword
rCold   . . .        c - +0 buckler
rNeg    . . .        b - +0 scale mail
rPois   .            (helmet restricted)
rElec   .            (no cloak)
rCorr   .            g - +0 pair of gloves
SInv    .            (no boots)
Will    .....        (no amulet) Stlth
                     i - +6 ring of intelligence
HPRegen 0.25/turn    j - ring of protection from fire
MPRegen 0.08/turn

%: no passive effects
@: very slow
A: horns 2, retaliatory headbutt
a: Renounce Religion, Bend Time


You were on level 3 of the Dungeon.
You worshipped Cheibriados.
Cheibriados was aware of your devotion.
You visited 1 branch of the dungeon, and saw 3 of its levels.

You collected 103 gold pieces.

Inventory:

Hand Weapons
 a - a +0 long sword (weapon)
Armour
 b - a +0 scale mail (worn)
 c - a +0 buckler (worn)
 g - a +0 pair of gloves (worn)
Jewellery
 i - a +6 ring of intelligence (left hand)
 j - a ring of protection from fire (right hand)
Scrolls
 f - a scroll of teleportation {unknown}
 h - a scroll of revelation {unknown}
 l - 2 scrolls of vulnerability {unknown}
 m - a scroll of identify {unknown}
 p - a scroll of blinking {unknown}
Potions
 d - a potion of might
 e - 3 potions of curing {unknown}
 k - a potion of degeneration {unknown}
 n - 2 potions of heal wounds {unknown}
 o - a potion of magic {unknown}


   Skills:
 + Level 4.8 Fighting
 - Level 2.4 Long Blades
 + Level 4.8 Armour
 - Level 3.6 Shields


You had 2 spell levels left.
You didn't know any spells.
Your spell library contained the following spells:

 Spells                   Type           Power      Damage    Failure   Level
 Blink                    Tloc           0%         N/A       75%         2
 Lesser Beckoning         Tloc           0%         N/A       75%         2
 Momentum Strike          Conj/Tloc      0%         3d8       75%         2


Dungeon Overview and Level Annotations

Branches:
Dungeon (3/15)

Altars:
Cheibriados


Innate Abilities, Weirdness & Mutations

You have a pair of horns on your head.
You reflexively headbutt those who attack you in melee.


Message History

You hear the slow rusting of a very distant drain.
l - 2 scrolls labelled PEFROXK KYTUE (gained 1)
A rat comes into view.
The rat squeaks loudly.
You barely miss the rat. The rat closely misses you. You furiously retaliate!
You headbutt the rat!
You kill the rat!
Cheibriados appreciates the change of pace.
You see here a rat corpse.
You hear the slow rusting of a very distant drain. 3 gnolls come into view.
Found 5 gold pieces.
The gnoll shouts! x3
A gnoll comes into view. It is wielding a +0 halberd.
Found a stone staircase leading up.
The gnoll barely misses you.
You barely miss the gnoll. The gnoll hits you with a +0 spear.
The gnoll hits you but does no damage.
You hit the gnoll.
The gnoll is moderately wounded.
The gnoll barely misses you. The gnoll hits you but does no damage.
You slash the gnoll!
You kill the gnoll!
Cheibriados appreciates the change of pace.
The gnoll barely misses you. The gnoll barely misses you.
The gnoll hits you but does no damage.
The gnoll hits you from afar with a +0 spear.
The gnoll hits you with a +0 halberd.
Things that are here:
a +0 spear; a gnoll corpse You barely miss the gnoll.
The gnoll hits you with a +0 halberd.
The gnoll hits you from afar with a +0 spear.
You closely miss the gnoll. The gnoll hits you with a +0 halberd.
The gnoll hits you from afar with a +0 spear.
You hit the gnoll.
The gnoll is lightly wounded.
You block the gnoll's attack.
The gnoll hits you from afar with a +0 spear.
* * * LOW HITPOINT WARNING * * *
The gnoll hits you with a +0 halberd!
You die...

# # #
###### #
#....#
#####
#.#.##
....#
#.#.####
###.#
#.#....# #
#.#
#.####.# #
#.#######.#
#@# #
#.........#
#g# #
###########
#g# # #g#
#.# #$# #<#
###


You could see 3 gnolls.

Vanquished Creatures
  A gnoll (D:3)
  An adder (D:2)
  2 dart slugs (D:1)
  3 ball pythons
  An endoplasm (D:2)
  4 giant cockroaches
  2 hobgoblins
  3 kobolds
  2 quokkas (D:1)
  2 bats
  2 frilled lizards
  6 goblins
  3 rats
32 creatures vanquished.

Notes
Turn   | Place    | Note
-------+----------+-------------------------------------------
     0 | D:1      | Gottschkopf the Minotaur Fighter began the quest for the
                  | Orb.
     0 | D:1      | Reached XP level 1. HP: 19/19 MP: 0/0
   100 | D:1      | Reached XP level 2. HP: 21/27 MP: 1/1
   828 | D:1      | Found a faded altar of an unknown god.
   832 | D:1      | Prayed at the altar of an unknown god.
   832 | D:1      | Became a worshipper of Cheibriados the Contemplative
   832 | D:1      | Reached * piety under Cheibriados
  1126 | D:2      | Reached XP level 3. HP: 31/34 MP: 2/2
  1709 | D:3      | Slain by a gnoll

Illustrated notes

Levels and vault maps discovered:
D:1:      shiori_arrival_elements, layout_basic,
          shapermc_ecumenical_altar_mp_urbaneastern
D:2:      layout_loops_ring
D:3:      layout_basic, mainiacjoe_overflow_alcove_1, portal_sewer_entry_f

Skill      XL: |  1 |
---------------+----+-----
Fighting       | 4 |  4.8
Armour         | 4 |  4.8
Long Blades    | |  2.4
Shields        | |  3.6

Action                     || total
---------------------------++-------
  Melee: Long sword        ||    72
         Headbutt          ||    12
 Armour: Scale mail        ||    60
  Dodge: Dodged            ||    38
  Block: Buckler           ||    17
